 Dungeon Crawl Stone Soup version 0.22-a0-283-g1871b15 (webtiles) character file.

6060 Amnesiac the Zephyrmancer (level 10, -5/50 HPs)
             Began as a Tengu Air Elementalist on Mar 20, 2018.
             Was a Believer of Sif Muna.
             Slain by an orc warrior
             ... wielding a +0 battleaxe
              (17 damage)
             ... on level 10 of the Dungeon.
             The game lasted 00:16:47 (11203 turns).

Amnesiac the Zephyrmancer (Tengu Air Elementalist) Turns: 11203, Time: 00:16:48

Health: -5/50      AC:  9    Str: 10    XL:     10   Next: 87%
Magic:  9/25       EV: 12    Int: 18    God:    Sif Muna [**....]
Gold:   477        SH:  0    Dex: 19    Spells: 19/30 levels left

rFire    . . .     SeeInvis .   a - staff of conjuration
rCold    . . .     Gourm    .   (no shield)
rNeg     . . .     Faith    .   s - +1 troll leather armour {Purgy}
rPois    .         Spirit   .   (helmet restricted)
rElec    .         Reflect  .   f - +2 cloak {+Inv}
rCorr    .         Harm     .   i - +0 pair of gloves
MR       .....                  (boots unavailable)
Stlth    ++........             (no amulet)
HPRegen  0.56/turn              e - +5 ring of dexterity
MPRegen  0.19/turn              (no ring)

@: divine energy
A: beak, talons 3, able to fly 1
a: Fly, Stop Divine Energy, Renounce Religion, Evoke Invisibility


You were on level 10 of the Dungeon.
You worshipped Sif Muna.
Sif Muna was pleased with you.
You were not hungry.

You visited 2 branches of the dungeon, and saw 11 of its levels.
You also visited: Ossuary.

You collected 477 gold pieces.

Inventory:

Hand Weapons
 b - a +3 dagger of electrocution
Missiles
 p - 57 stones (quivered)
Armour
 f - a +2 cloak of invisibility (worn)
 i - a +0 pair of gloves (worn)
 s - a +1 troll leather armour (worn) {Purgy}
Magical Staves
 a - an uncursed staff of conjuration (weapon)
Jewellery
 e - a +5 ring of dexterity (left hand)
Wands
 o - a wand of random effects (23)
 q - a wand of polymorph (10)
 v - a wand of disintegration (10)
Scrolls
 g - 7 scrolls of remove curse {!r}
 m - 3 scrolls of teleportation {!r}
 u - a scroll of acquirement {!r, unknown}
 y - a scroll of summoning {!r, unknown}
 z - a scroll of blinking {!r}
 A - a scroll of enchant armour {!r}
 C - 2 scrolls of identify {!r}
Potions
 d - 7 potions of curing {!q}
 h - 2 potions of flight {!q}
 j - a potion of might {!q, unknown}
 k - 2 potions of invisibility {!q}
 l - a potion of ambrosia {!q}
 n - 3 potions of haste {!q}
 r - 2 potions of brilliance {!q}
 t - a potion of cancellation {!q}
 w - 3 potions of lignification {!q}
 x - 2 potions of agility {!q}
 B - a potion of resistance {!q}
Comestibles
 c - 22 rations


   Skills:
 - Level 2.1 Dodging
 - Level 2.0 Stealth
 * Level 10.6 Spellcasting
 + Level 10.7 Conjurations
 + Level 10.7 Air Magic


You had 19 spell levels left.
You knew the following spells:

 Your Spells              Type           Power        Failure   Level  Hunger
a - Airstrike             Air            #####.....   1%          4    ##.....
c - Swiftness             Chrm/Air       ####....     1%          2    None
d - Lightning Bolt        Conj/Air       ######....   3%          5    #####..


Dungeon Overview and Level Annotations

Branches:
Dungeon (10/15)            Temple (1/1) D:6
   Lair: D:8-11         Orc: D:9-12

Altars:
Ashenzari
Cheibriados
Dithmenos
Elyvilon
Fedhas
Gozag
Hepliaklqana
Kikubaaqudgha
Makhleb
Nemelex Xobeh
Okawaru
Qazlal
Ru
Sif Muna
Trog
Uskayaw
Vehumet
Wu Jian
Xom
Yredelemnul
Zin
The Shining One

Shops:
D:7 !=%*=   D:8 (


Innate Abilities, Weirdness & Mutations

You have a beak for a mouth.
You have claws for feet.
You can fly.


Message History

The air twists around and strikes the ogre!
You kill the ogre!
Sif Muna accepts your kill.
Casting: Airstrike (safe; 1% risk of failure)
Confirm with . or Enter, or press ? or * to list all spells.
You can't see any susceptible monsters within range! (Use Z to cast anyway.)
Casting: Airstrike (safe; 1% risk of failure)
Confirm with . or Enter, or press ? or * to list all spells.
You can't see any susceptible monsters within range! (Use Z to cast anyway.) Search for what [Enter for "sif", or ? for help]? spir Unknown command.
You now have 477 gold pieces (gained 16).
You start resting.
Magic restored. 3 orcs, an orc warrior and an orc priest come into view.
The orc shouts!
Found 25 bolts.
There are monsters nearby!
There are monsters nearby!
Casting: Airstrike (safe; 1% risk of failure)
Confirm with . or Enter, or press ? or * to list all spells.
Aiming: Airstrike (safe; 1% risk of failure)
Press: ? - help, Dir - move target cursor, f - orc priest
Aim: an orc priest, wielding a hand axe and wearing a chain mail (hasn't noticed you)
The air twists around and strikes the orc priest!
The orc priest shouts!
The orc priest is heavily wounded.
The orc shouts! x2
The orc priest calls down the wrath of Beogh upon you.
Pain shoots through your body!
Casting: Airstrike (safe; 1% risk of failure)
Confirm with . or Enter, or press ? or * to list all spells.
Aiming: Airstrike (safe; 1% risk of failure)
Press: ? - help, Dir - move target cursor, f/p - orc priest
Aim: an orc priest, wielding a hand axe and wearing a chain mail (heavily wounded)
The air twists around and strikes the orc priest!
You kill the orc priest!
Sif Muna accepts your kill.
Casting: Airstrike (safe; 1% risk of failure)
Confirm with . or Enter, or press ? or * to list all spells.
Aiming: Airstrike (safe; 1% risk of failure)
Press: ? - help, Dir - move target cursor, f - orc warrior
Aim: an orc warrior, wielding a battleaxe and wearing a plate armour The air twists around and strikes the orc warrior!
The orc warrior is lightly wounded.
The orc warrior barely misses you.
The orc hits you from afar with a trident.
Casting: Airstrike (safe; 1% risk of failure)
Confirm with . or Enter, or press ? or * to list all spells.
Aiming: Airstrike (safe; 1% risk of failure)
Press: ? - help, Dir - move target cursor, f/p - orc warrior
Aim: an orc warrior, wielding a battleaxe and wearing a plate armour (lightly wounded)
The air twists around and strikes the orc warrior!
The orc warrior is moderately wounded.
The orc warrior hits you with a battleaxe!!
Ouch! That really hurt!
* * * LOW HITPOINT WARNING * * *
The orc closely misses you.
You fail to use your ability.
You fail to use your ability.
The orc warrior barely misses you. The orc misses you.
You fail to use your ability.
The orc warrior hits you with a battleaxe!
You die...

...().......... #..# ..
#..# .. #..# .. #..#
#.... #..# #....
#oo###### ....
###########o....... ....
..........@o....... ...
########...######## #..
#...# #.. #..)# #..
#...# #.. #...# #..
####...##############..
........................
###############..#######


You could see an orc warrior and 3 orcs.

Vanquished Creatures
  An unseen horror (D:10)
  A centaur zombie (D:10)
  Psyche (D:8)
  A hornet (D:8)
  Prince Ribbit (D:6)
  A hippogriff (D:8)
  Sigmund (D:6)
  A human (D:7)
  4 hogs (D:7)
  A hungry ghost (D:7)
  Menkaure (D:5)
  Purgy (D:4)
  3 orc warriors
  A hell hound (D:10)
  2 black bears
  4 ogres
  5 centaurs
  A big kobold (D:8)
  A gnoll sergeant (D:6)
  A wyvern zombie (D:7)
  3 bullfrogs (D:6)
  A scorpion (D:6)
  5 howler monkeys
  3 crimson imps
  A centaur skeleton (D:9)
  A human zombie (Ossuary)
  6 hounds
  A jelly (D:7)
  Crazy Yiuf (D:2)
  5 orc priests
  5 orc wizards
  A bullfrog skeleton (D:9)
  7 worker ants
  A killer bee zombie (D:8)
  A big kobold zombie (Ossuary)
  4 mummies (Ossuary)
  2 worker ant zombies (D:7)
  10 adders
  4 gnolls (D:6)
  2 shadow imps
  2 adder skeletons
  An adder zombie (D:7)
  3 worms
  3 dart slugs
  4 leopard geckos
  25 orcs
  2 ball pythons
  2 giant cockroaches
  A gnoll zombie (Ossuary)
  6 hobgoblins
  4 jackals
  3 quokkas
  A ball python skeleton (D:4)
  9 bats
  10 frilled lizards
  12 goblins
  A goblin zombie (Ossuary)
  2 hobgoblin zombies (Ossuary)
  6 kobolds
  A kobold zombie (Ossuary)
  A leopard gecko zombie (D:7)
  An orc zombie (Ossuary)
  5 rats
202 creatures vanquished.

Vanquished Creatures (others)
  A plant (D:4)
1 creature vanquished.

Grand Total: 203 creatures vanquished

Notes
Turn   | Place    | Note
-------+----------+-------------------------------------------
     0 | D:1      | Amnesiac the Tengu Air Elementalist began the quest for the Orb.
     0 | D:1      | Reached XP level 1. HP: 10/10 MP: 4/4
   241 | D:1      | Reached XP level 2. HP: 13/15 MP: 3/6
   628 | D:1      | Reached skill level 5 in Air Magic
   726 | D:1      | Reached XP level 3. HP: 19/19 MP: 3/7
   934 | D:2      | Found a hazy altar of Hepliaklqana.
  1072 | D:2      | Reached XP level 4. HP: 24/24 MP: 0/9
  1078 | D:2      | Learned a level 4 spell: Airstrike
  1133 | D:2      | Learned a level 2 spell: Swiftness
  1162 | D:2      | Found a shadowy altar of Dithmenos.
  1238 | D:2      | Found a sacrificial altar of Ru.
  1262 | D:2      | Found an iron altar of Okawaru.
  1309 | D:2      | Found a runed door.
  1359 | D:2      | Found a burning altar of Makhleb.
  1359 | D:2      | Noticed an Executioner
  1382 | D:2      | Found a basalt altar of Yredelemnul.
  1574 | D:2      | Noticed Crazy Yiuf
  1579 | D:2      | Killed Crazy Yiuf
  1882 | D:3      | Gained mutation: You can fly. [Tengu growth]
  1882 | D:3      | Reached XP level 5. HP: 19/28 MP: 0/10
  2003 | D:3      | Found a glowing golden altar of the Shining One.
  2032 | D:3      | Noticed a black bear
  2082 | D:3      | Killed a black bear
  2082 | D:3      | Reached XP level 6. HP: 27/32 MP: 4/12
  2420 | D:3      | Found an opulent altar of Gozag.
  2504 | D:3      | Learned a level 5 spell: Lightning Bolt
  3216 | D:4      | Noticed Purgy
  3220 | D:4      | Killed Purgy
  3220 | D:4      | Reached XP level 7. HP: 36/36 MP: 0/15
  3252 | D:4      | Reached skill level 5 in Spellcasting
  3875 | D:5      | Entered Level 5 of the Dungeon
  3962 | D:5      | Found a sand-covered staircase.
  4003 | Ossuary  | Entered an ossuary
  4398 | D:5      | Reached XP level 8. HP: 38/41 MP: 5/19
  4528 | D:5      | Noticed Menkaure
  4534 | D:5      | Killed Menkaure
  5060 | D:5      | Found a bloodstained altar of Trog.
  5569 | D:6      | Found a glowing silver altar of Zin.
  5569 | D:6      | Found a hide-covered altar of Uskayaw.
  5570 | D:6      | Noticed an angel
  5614 | D:6      | Found a shimmering altar of Xom.
  5695 | D:6      | Noticed Prince Ribbit
  5824 | D:6      | Killed Prince Ribbit
  5824 | D:6      | Reached XP level 9. HP: 45/45 MP: 5/22
  5913 | D:6      | Noticed Sigmund
  5916 | D:6      | Killed Sigmund
  6561 | D:6      | Found a staircase to the Ecumenical Temple.
  6689 | Temple   | Entered the Ecumenical Temple
  6816 | Temple   | Became a worshipper of Sif Muna the Loreminder
  7553 | D:7      | Found Begolaev's Food Emporium.
  7647 | D:7      | Found Reilupor's Jewellery Boutique.
  7667 | D:7      | Found Sustragih's Distillery.
  7771 | D:7      | You fall through a shaft for 2 floors!
  7952 | D:7      | Found Oskanlae's General Store.
  7997 | D:7      | Reached * piety under Sif Muna
  8139 | D:7      | Reached XP level 10. HP: 48/50 MP: 0/24
  8148 | D:7      | Found Noshium's Jewellery Shop.
  9133 | D:8      | Paralysed by a hornet for 2 turns
  9137 | D:8      | Reached ** piety under Sif Muna
  9415 | D:8      | Found an ornate altar of the Wu Jian Council.
  9430 | D:8      | Found Othrik's Weapon Boutique.
  9547 | D:8      | Noticed Psyche
  9551 | D:8      | Killed Psyche
  9551 | D:8      | Reached skill level 10 in Conjurations
  9551 | D:8      | Reached skill level 10 in Air Magic
  9700 | D:8      | Reached skill level 10 in Spellcasting
  9953 | D:9      | Found a shadowy altar of Dithmenos.
 10724 | D:9      | Found a snail-covered altar of Cheibriados.
 10781 | D:10     | Entered Level 10 of the Dungeon
 10933 | D:10     | Killed an unseen horror
 11203 | D:10     | Slain by an orc warrior

Vault maps used:
D:1:      lightli_arrival_noodles, hex_medium
D:2:      okawaru_gym_becter, lemuel_round_altar,
          nicolae_overflow_crystal_walls, yredelemnul_altar_generic,
          overflow_temple_1_default, minmay_misc_feat_ornament,
          makhleb_altar_promises_db, uniq_crazy_yiuf_cottage
D:3:      lemuel_round_altar, tso_metal_star
D:4:      serial_forest, infiniplex_forest_lined_ring,
          infiniplex_forest_lined_1, infiniplex_forest_clump_diagonal,
          infiniplex_forest_clump_small, infiniplex_forest_clump_long,
          infiniplex_forest_clump_double, infiniplex_forest_pool,
          infiniplex_forest_clump_cross, infiniplex_forest_lined_2,
          first_ration, uniq_purgy
D:5:      lightli_temple_of_fire, lightli_ossuary_entry_decrepit_ruins,
          kennysheep_generic_room_2, uniq_menkaure
D:6:      grunt_temple_overflow_order_and_chaos_1,
          eat_drink_and_be_merry_uskayaw, minmay_temple_entry_enclosed_plants,
          uniq_sigmund, uniq_prince_ribbit1
D:7:      serial_shops, shop, nicolae_shop_trees, shop, shop,
          nicolae_shop_stone, grunt_livestock
D:8:      kennysheep_mini_moat, serial_shops, nicolae_shop_behind_doors,
          uniq_psyche
D:9:      lemuel_coloured_pillars_altar,
          nicolae_dithmenos_through_a_glass_darkly
D:10:     minmay_lair_entry_lava
Temple:   nicolae_temple_figure_zero
Ossuary:  ossuary_crypta

Skill      XL: |  1  2  3  4  5  6  7  8  9 10 |
---------------+-------------------------------+-----
Air Magic      | 5 6 7 8 9 10 | 10.7
Spellcasting   | 3 4 6 8 9 10 | 10.6
Conjurations   | 6 9 10 | 10.7
Dodging        | |  2.1
Stealth        | |  2.0

Action                   |  1- 3 |  4- 6 |  7- 9 | 10-12 || total
-------------------------+-------+-------+-------+-------++-------
Melee: Unarmed           |     7 |       |       |       ||     7
       Kick              |     1 |    16 |    19 |     4 ||    40
       Peck              |     1 |    11 |    12 |     1 ||    25
       Dagger            |       |    30 |       |       ||    30
       Staff             |       |       |    56 |    15 ||    71
 Cast: Shock             |    67 |    93 |    89 |       ||   249
       Airstrike         |       |     7 |   105 |    94 ||   206
       Lightning Bolt    |       |       |     6 |       ||     6
Invok: Divine Energy     |       |       |     1 |       ||     1
 Abil: Evoke Invisibilit |       |     1 |       |       ||     1
  Use: Potion            |       |     5 |     3 |       ||     8
       Scroll            |       |     1 |    18 |     1 ||    20
 Stab: Invisible         |       |     2 |       |       ||     2
  Eat: Chunk             |     1 |     8 |    30 |    10 ||    49
       Ration            |       |       |       |     2 ||     2
Armor: Robe              |     4 |     6 |     5 |       ||    15
       Troll leather arm |       |       |    36 |    30 ||    66
Dodge: Dodged            |    12 |    12 |    88 |    54 ||   166

Table legend:
 A = Spawn XP
 B = Non-spawn XP
 C = Spawn XP percentage of total XP
 D = Spawn monster count
 E = Non-spawn monster count
 F = Spawn count percentage of total count
 G = Total turns spent on level
                    A         B        C        D         E        F      G
               +---------+---------+-------+---------+---------+-------+---------
         Total |       0 |    8658 |   0.0 |       0 |     202 |   0.0 | 11203
               +---------+---------+-------+---------+---------+-------+---------
           D:1 |       0 |      36 |   0.0 |       0 |      22 |   0.0 |   880
           D:2 |       0 |     104 |   0.0 |       0 |      19 |   0.0 |   945
           D:3 |       0 |     263 |   0.0 |       0 |      23 |   0.0 |  1013
           D:4 |       0 |     628 |   0.0 |       0 |      19 |   0.0 |  1232
           D:5 |       0 |     499 |   0.0 |       0 |      13 |   0.0 |  1155
           D:6 |       0 |    1462 |   0.0 |       0 |      26 |   0.0 |  1547
           D:7 |       0 |    1868 |   0.0 |       0 |      32 |   0.0 |  1647
           D:8 |       0 |    1535 |   0.0 |       0 |      18 |   0.0 |   836
           D:9 |       0 |     611 |   0.0 |       0 |      13 |   0.0 |  1018
          D:10 |       0 |    1503 |   0.0 |       0 |       5 |   0.0 |   422
       Ossuary |       0 |     149 |   0.0 |       0 |      12 |   0.0 |   367
               +---------+---------+-------+---------+---------+-------+---------
